 Dungeon Crawl Stone Soup version 0.25.1-1-g288607f5aa (webtiles) character file.

Game seed: 11343099837626731806

13776 funkygono the Basher (level 11, -5/99 HPs)
             Began as a Minotaur Fighter on July 29, 2020.
             Was an Elder of the Shining One.
             Killed from afar by an oklob plant (9 damage)
             ... with a splash of acid
             ... on level 2 of the Lair of Beasts.
             The game lasted 00:28:23 (11522 turns).

funkygono the Basher (Minotaur Fighter)            Turns: 11522, Time: 00:28:24

Health: -5/99      AC:  3    Str: 23    XL:     11   Next: 80%
Magic:  9/10       EV:  8    Int:  5    God:    the Shining One [****..]
Gold:   592        SH: 21    Dex: 17    Spells: 10/10 levels left

rFire    + . .     SeeInvis .   a - +3 flail (vorpal)
rCold    x . .     Gourm    .   c - +2 kite shield
rNeg     + + .     Faith    +   t - +0 plate armour
rPois    .         Spirit   .   q - +2 hat
rElec    .         Reflect  .   (no cloak)
rCorr    .         Harm     .   u - +1 pair of gloves
MR       .....                  (no boots)
Stlth    ..........             E - amulet of faith
HPRegen  0.26/turn              y - +6 ring of dexterity
MPRegen  0.12/turn              r - ring of fire

@: divine shield, corroded, glowing
A: retaliatory headbutt, horns 2
a: Divine Shield, Cleansing Flame, Renounce Religion


You were on level 2 of the Lair of Beasts.
You worshipped the Shining One.
The Shining One was greatly pleased with you.
You were hungry.

You visited 2 branches of the dungeon, and saw 11 of its levels.

You collected 592 gold pieces.

Inventory:

Hand Weapons
 a - a +3 vorpal flail (weapon)
 b - a +0 hunting sling
 G - a +1 whip of electrocution
Missiles
 e - 367 stones (quivered)
 l - 90 bolts
 m - 65 sling bullets
Armour
 c - a +2 kite shield (worn)
 q - a +2 hat (worn)
 t - a +0 plate armour (worn)
 u - a +1 pair of gloves (worn)
 C - a +0 scale mail of fire resistance
Jewellery
 r - a ring of fire (right hand)
 y - a +6 ring of dexterity (left hand)
 E - an amulet of faith (around neck)
Wands
 g - a wand of flame (22)
 s - a wand of disintegration (10)
 w - a wand of paralysis (8)
 H - a wand of acid (15)
 I - a wand of polymorph (9)
Scrolls
 h - 4 scrolls of identify
 i - 5 scrolls of magic mapping
 j - 3 scrolls of fear
 p - 9 scrolls of remove curse
 x - 3 scrolls of fog
 B - a scroll of teleportation
 F - a scroll of amnesia
Potions
 d - 5 potions of might
 o - 3 potions of brilliance
 v - 2 potions of haste
 z - 2 potions of curing
 A - a potion of flight
 D - a potion of lignification
Comestibles
 f - 24 rations


   Skills:
 + Level 9.9 Fighting
 + Level 13.7 Maces & Flails
 + Level 1.4 Slings
 + Level 10.3 Armour
 + Level 2.9 Dodging
 + Level 11.8 Shields
 + Level 0.6 Invocations
 + Level 1.0 Evocations


You had 10 spell levels left.
You didn't know any spells.
Your spell library contained the following spells:

 Spells                   Type           Power        Failure   Level  Hunger
 Magic Dart               Conj           #...         100%        1    ##.....
 Blink                    Tloc           N/A          100%        2    ###....
 Call Imp                 Summ           #.......     100%        2    ###....
 Slow                     Hex            #.......     100%        2    ###....
 Confusing Touch          Hex            #.......     100%        3    ####...
 Conjure Flame            Conj/Fire      #.......     100%        3    ####...
 Gell's Gravitas          Tloc           #.........   100%        3    ####...
 Mephitic Cloud           Conj/Pois/Air  #.......     100%        3    ####...
 Petrify                  Tmut/Erth      #.......     100%        4    #####..
 Metabolic Englaciation   Hex/Ice        #.........   100%        5    ######.
 Yara's Violent Unravell  Hex/Tmut       #.........   100%        5    ######.


Dungeon Overview and Level Annotations

Branches:
Dungeon (9/15)             Temple (0/1) D:7            Lair (2/6) D:9
    Orc (0/2) D:9
  Swamp: Lair:2-4    Shoals: Lair:2-4     Snake: Lair:2-4    Spider: Lair:2-4

Altars:
Cheibriados
Dithmenos
Gozag
Hepliaklqana
Makhleb
Okawaru
Qazlal
Sif Muna
Uskayaw
Xom
Yredelemnul
Zin
The Shining One

Shops:
D:5 =

Annotations:
D:9 3 runed translucent doors, Jaiteiro's ghost, journeyman GrFi
Lair:2 exclusion: oklob plant


Innate Abilities, Weirdness & Mutations

You reflexively headbutt those who attack you in melee.
You have a pair of horns on your head.


Message History

You hit the oklob plant but do no damage.
The oklob plant is severely damaged.
You hit the oklob plant but do no damage.
The oklob plant is severely damaged.
The oklob plant spits acid at you. The splash of acid hits you!
The Shining One protects you from harm! The acid corrodes you!
You are splashed with acid!
The Shining One protects you from harm!
You hit the oklob plant but do no damage.
The oklob plant is severely damaged.
You hit the oklob plant but do no damage.
The oklob plant is severely damaged.
You hit the oklob plant but do no damage.
The oklob plant is severely damaged.
You hit the oklob plant. You headbutt the oklob plant.
The oklob plant is almost destroyed.
The oklob plant spits acid at you. The splash of acid hits you!
You die...

### ##### #### ####.########
#P..# #..#####
#.#.#.#.#.P.####@..########.#..#P
...............#$(.#.............
...............#..P###...........
<......^.............+.........##
...#.###.....................P.#.
...#.###........+................
...##..##.......#............#P..
.####..#........#...+#.......##..
......###.......#................


You could see an oklob plant.

Vanquished Creatures
  A hydra (Lair:2)
  Erica (D:9)
  A two-headed ogre (D:8)
  An oklob plant (Lair:2)
  Psyche (D:9)
  3 spiny frogs
  4 trolls
  3 komodo dragons (Lair:2)
  A hornet (D:9)
  Prince Ribbit (D:5)
  2 hippogriffs
  A spriggan (D:9)
  16 yaks
  2 basilisks
  A hungry ghost (D:8)
  5 water moccasins
  8 porcupines
  An orc warrior (D:6)
  An ice beast (D:7)
  A phantom (D:8)
  4 black bears
  4 ogres
  2 wolves (D:9)
  3 crocodiles (Lair:1)
  8 bullfrogs
  2 scorpions
  4 wights (D:8)
  3 howler monkeys
  6 crimson imps
  A quasit (D:9)
  9 hounds
  2 jellies
  7 orc wizards
  6 orc priests
  A centaur skeleton (D:6)
  A bullfrog skeleton (D:6)
  An iguana (D:5)
  3 worker ants (D:8)
  A hound zombie (D:9)
  A hound skeleton (D:6)
  11 adders
  7 gnolls
  A howler monkey skeleton (D:7)
  A shadow imp (D:5)
  An ooze (D:2)
  An adder zombie (D:5)
  3 adder skeletons
  2 worms
  A dart slug (D:2)
  3 leopard geckos
  38 orcs
  A ball python (D:1)
  5 giant cockroaches
  10 goblins
  7 hobgoblins
  9 jackals
  8 quokkas
  7 bats
  5 frilled lizards
  10 kobolds
  A leopard gecko skeleton (D:4)
  6 rats
  A spectral orc (D:8)
  A plant (Lair:2)
264 creatures vanquished.

Vanquished Creatures (others)
  A fungus (Lair:2)
  A plant (Lair:2)
2 creatures vanquished.

Grand Total: 266 creatures vanquished

Notes
Turn   | Place    | Note
-------+----------+-------------------------------------------
     0 | D:1      | funkygono the Minotaur Fighter began the quest for the Orb.
     0 | D:1      | Reached XP level 1. HP: 19/19 MP: 0/0
   141 | D:1      | Reached XP level 2. HP: 26/27 MP: 1/1
   750 | D:2      | Reached skill level 3 in Maces & Flails
   762 | D:2      | Reached XP level 3. HP: 33/33 MP: 2/2
   822 | D:2      | Found a hide-covered altar of Uskayaw.
   828 | D:2      | Found an opulent altar of Gozag.
   846 | D:2      | Found a shadowy altar of Dithmenos.
   847 | D:2      | Found a glowing silver altar of Zin.
   847 | D:2      | Found an iron altar of Okawaru.
   847 | D:2      | Found a shimmering blue altar of Sif Muna.
   848 | D:2      | Found a glowing golden altar of the Shining One.
   849 | D:2      | Found a burning altar of Makhleb.
   956 | D:2      | Became a worshipper of the Shining One
  1466 | D:3      | Reached XP level 4. HP: 40/40 MP: 3/3
  1526 | D:3      | Reached skill level 4 in Maces & Flails
  1914 | D:3      | Found a stormy altar of Qazlal.
  1979 | D:3      | Reached XP level 5. HP: 47/47 MP: 4/4
  2219 | D:3      | Found a snail-covered altar of Cheibriados.
  2474 | D:4      | Found a shimmering altar of Xom.
  2475 | D:4      | Found a hazy altar of Hepliaklqana.
  2475 | D:4      | Noticed a yak
  2476 | D:4      | Noticed a spectral ugly thing
  2481 | D:4      | Found Juitusul's Magic Scroll Shop.
  2484 | D:4      | Noticed an ogre
  2487 | D:4      | Reached skill level 1 in Dodging
  2497 | D:4      | Killed an ogre
  2497 | D:4      | Reached skill level 5 in Maces & Flails
  2497 | D:4      | Reached skill level 5 in Shields
  2497 | D:4      | Reached XP level 6. HP: 34/53 MP: 5/5
  2662 | D:4      | Reached skill level 5 in Armour
  3063 | D:5      | Entered Level 5 of the Dungeon
  3075 | D:5      | Reached * piety under the Shining One
  3181 | D:5      | Noticed a water moccasin
  3185 | D:5      | Killed a water moccasin
  3185 | D:5      | Reached skill level 6 in Maces & Flails
  3185 | D:5      | Reached XP level 7. HP: 58/60 MP: 6/6
  3249 | D:5      | Reached skill level 5 in Fighting
  3578 | D:5      | Found Ficwun's Jewellery Emporium.
  3580 | D:5      | Noticed Prince Ribbit
  3589 | D:5      | Killed Prince Ribbit
  3589 | D:5      | Reached skill level 7 in Maces & Flails
  4013 | D:6      | Reached XP level 8. HP: 68/69 MP: 7/7
  4024 | D:6      | Reached skill level 8 in Maces & Flails
  4417 | D:6      | Noticed a troll
  4424 | D:6      | Killed a troll
  4607 | D:6      | Reached skill level 9 in Maces & Flails
  4851 | D:7      | Reached ** piety under the Shining One
  5409 | D:7      | Reached XP level 9. HP: 78/78 MP: 8/8
  5766 | D:7      | Found a staircase to the Ecumenical Temple.
  5796 | D:7      | Noticed a troll
  5803 | D:7      | Killed a troll
  5803 | D:7      | Reached skill level 10 in Maces & Flails
  5988 | D:8      | Reached skill level 1 in Slings
  6248 | D:8      | Reached skill level 11 in Maces & Flails
  6503 | D:8      | Reached *** piety under the Shining One
  6503 | D:8      | Reached XP level 10. HP: 86/86 MP: 9/9
  6691 | D:8      | Found a basalt altar of Yredelemnul.
  6750 | D:8      | Noticed a two-headed ogre
  6758 | D:8      | Killed a two-headed ogre
  7194 | D:9      | Noticed Erica
  7203 | D:9      | Killed Erica
  7203 | D:9      | Reached skill level 10 in Shields
  7332 | D:9      | Reached skill level 12 in Maces & Flails
  7365 | D:9      | Found a staircase to the Orcish Mines.
  7540 | D:9      | Found a hazy altar of Hepliaklqana.
  7662 | D:9      | Found a staircase to the Lair.
  7674 | D:9      | Noticed Psyche
  7680 | D:9      | Killed Psyche
  7770 | D:9      | Reached XP level 11. HP: 54/95 MP: 10/10
  7983 | D:9      | Reached **** piety under the Shining One
  8071 | D:9      | Found a runed translucent gate.
  8072 | D:9      | Found a runed translucent gate.
  8073 | D:9      | Found a runed translucent gate.
  8079 | D:9      | Noticed Jaiteiro's ghost (journeyman GrFi)
  8378 | Lair:1   | Entered Level 1 of the Lair of Beasts
  8989 | Lair:1   | Reached skill level 13 in Maces & Flails
  9314 | Lair:2   | Noticed a six-headed hydra
  9320 | Lair:2   | Killed a six-headed hydra
  9707 | Lair:2   | Reached skill level 1 in Evocations
  9888 | Lair:2   | Reached skill level 10 in Armour
 10031 | Lair:2   | Noticed an oklob plant
 10032 | Lair:2   | Noticed an oklob plant
 10032 | Lair:2   | Reached ***** piety under the Shining One
 11231 | Lair:2   | Killed an oklob plant
 11516 | Lair:2   | HP: 2/99 [acid (7)]
 11518 | Lair:2   | The Shining One protects you from harm!
 11518 | Lair:2   | The Shining One protects you from harm!
 11522 | Lair:2   | Killed from afar by an oklob plant

Illustrated notes

Levels and vault maps discovered:
D:1:      dpeg_arrival_connections, layout_rooms
D:2:      layout_loops_cross, minitemple
D:3:      layout_rooms, marbit_many_paths, grunt_qazlal_sundering
D:4:      layout_loops_ring, regret_index_temple_of_mockery, serial_shops,
          nicolae_shop_stone
D:5:      layout_gridville, first_ration, serial_shops, nicolae_shop_stone,
          hangedman_decor_opposing, grunt_decor_clamped, uniq_prince_ribbit1
D:6:      layout_basic, kennysheep_cross_room
D:7:      layout_basic, minmay_temple_entry_wispy
D:8:      layout_cave_pods, yredelemnul_forgotten_temple_becter
D:9:      layout_grid_maze, erik_lair_island, david_orc_3,
          gammafunk_ghost_necromancy, basic_altar, the_bakery,
          hangedman_abyss_or_decor_stagger, uniq_erica, uniq_psyche
Lair:1:   layout_chaotic_city, grunt_megastairs_1
Lair:2:   layout_regular_city, serial_bayou_shore_b, lemuel_fruit_tree,
          grunt_megastairs_4, minmay_lair_oklob_chamber

Skill      XL: |  1  2  3  4  5  6  7  8  9 10 11 |
---------------+----------------------------------+-----
Armour         | 4 5 6 7 9 10 | 10.3
Fighting       | 4 5 6 7 8 9 |  9.9
Maces & Flails | 3 4 5 6 7 9 11 12 13 | 13.7
Shields        | 4 5 6 7 9 10 11 | 11.8
Dodging        | 1 2 |  2.9
Slings         | 1 |  1.4
Evocations     | 1 |  1.0
Invocations    | |  0.6

Action                   |  1- 3 |  4- 6 |  7- 9 | 10-12 || total
-------------------------+-------+-------+-------+-------++-------
Melee: Flail             |   110 |   113 |   201 |   295 ||   719
       Headbutt          |    11 |    21 |    43 |    73 ||   148
 Fire: Hunting sling     |       |       |     3 |       ||     3
Invok: Divine Shield     |       |       |       |     4 ||     4
Evoke: Wand              |       |       |     2 |     4 ||     6
  Use: Scroll            |     8 |     6 |     5 |     4 ||    23
       Potion            |       |       |       |     2 ||     2
  Eat: Chunk             |     2 |     5 |     8 |    10 ||    25
       Ration            |       |       |     1 |     2 ||     3
Armor: Scale mail        |    48 |    34 |       |       ||    82
       Plate armour      |       |    28 |    83 |    79 ||   190
Dodge: Dodged            |    36 |    29 |    34 |    46 ||   145
Block: Kite shield       |    63 |    69 |   148 |   149 ||   429
